 Dungeon Crawl Stone Soup version 0.28.0-45-g0d030f2227 (webtiles) character file.

Game seed: 726452811341415988

42 zeratav the Insei (level 3, -3/23 HPs)
             Began as an Octopode Transmuter on Apr 7, 2022.
             Slain by Sigmund
             ... wielding a +0 scythe
              (12 damage)
             ... on level 3 of the Dungeon.
             The game lasted 00:02:52 (2096 turns).

zeratav the Insei (Octopode Transmuter)             Turns: 2096, Time: 00:02:52

Health: -3/23      AC:  1    Str:  9    XL:     3   Next: 54%
Magic:  6/6        EV: 13    Int: 15    God:
Gold:   109        SH:  0    Dex: 14    Spells: 5/6 levels left

rFire   + . .      SeeInvis .     - Unarmed
rCold   x . .      Faith    .   (no shield)
rNeg    . . .      Spirit   .   (helmet restricted)
rPois   .          Reflect  .   (no amulet)
rElec   .          Harm     .   h - ring of fire
rCorr   .          Rampage  .   (no ring)
Will    .....                   (no ring)
Stlth   +++.......              (no ring)
HPRegen 0.07/turn               (no ring)
MPRegen 0.10/turn               (no ring)
                                (no ring)
                                (no ring)

@: no status effects
A: almost no armour, amphibious, 8 rings, camouflage 1, gelatinous body 1,
(nimble swimmer 1), tentacles
a: no special abilities


You were on level 3 of the Dungeon.
You visited 1 branch of the dungeon, and saw 3 of its levels.

You collected 109 gold pieces.


Innate Abilities, Weirdness & Mutations

You cannot wear most types of armour.
You are amphibious.
You can wear up to eight rings at the same time.
Your skin changes colour to match your surroundings (Stealth+).
Your rubbery body absorbs attacks. (AC +1, EV +1)
((You are camouflaged when in or above water. (Stealth+)))
You have tentacles for arms and can constrict up to eight enemies at once.


   Skills:
 + Level 1.5 Fighting
 + Level 2.4 Dodging
 + Level 1.6 Stealth
 * Level 3.5 Unarmed Combat
 - Level 2.0 Spellcasting
 + Level 2.3 Transmutations


You had 5 spell levels left.
You knew the following spells:

 Your Spells              Type           Power      Damage    Failure   Level
a - Beastly Appendage     Tmut           16%        N/A       9%          1

Your spell library contained the following spells:

 Spells                   Type           Power      Damage    Failure   Level
 Wereblood                Tmut           8%         N/A       13%         2
 Static Discharge         Conj/Air       1%         N/A       32%         2
 Spider Form              Tmut/Pois      4%         N/A       38%         3
 Ice Form                 Ice/Tmut       4%         N/A       80%         4
 Lightning Bolt           Conj/Air       0%         1d11      99%         5
 Maxwell's Capacitive Co  Air            0%         ∞         100%        8

Inventory:

Jewellery
 h - a ring of fire (left tentacle)
   (You found it on level 2 of the Dungeon)
Scrolls
 a - a scroll of enchant weapon {unknown}
 b - a scroll of identify {unknown}
 c - a scroll of magic mapping {unknown}
 f - 2 scrolls of noise {unknown}
 g - a scroll of teleportation {unknown}
 i - a scroll of fear {unknown}
Potions
 d - 2 potions of might {unknown}
 e - a potion of lignification {unknown}

Dungeon Overview and Level Annotations

Branches:
Dungeon (3/15)

Altars:

Annotations:
D:3 Sigmund

#####........##.#.#
#....#####.#.##.#.#
#.............#.#.#
#....#####.#..#.#.##
#..... .......#....#
#..... #.....###..#
#.....# #.<.... #..#
#.....#.#.....###..#
#.<.........{@.....#
###....####.##
....... ..# ####.#.
### #... # .. ..>
###


There were no monsters in sight!


Message History

You miss the frilled lizard. Your grab misses the frilled lizard.
The frilled lizard closely misses you.
You barely miss the frilled lizard. You grab the frilled lizard.
You squeeze the frilled lizard.
You kill the frilled lizard!
No target in view!
No target in view!
No target in view!
No target in view!
No target in view!
No target in view!
No target in view!
No target in view!
Your tentacle spike disappears.
Found an escape hatch in the floor.
MP[+1]
Your mp is fully restored (6).
There is an escape hatch in the floor here.
Found a stone staircase leading up.
One of your tentacles grows a vicious spike.
MP[-1]
You lost 1 mp, and now have 5/6 mp.
Found a stone staircase leading down.
MP[+1]
Your mp is fully restored (6).
Your transformation is almost over.
Your tentacle spike disappears.
Found an escape hatch in the ceiling.
One of your tentacles grows a vicious spike.
MP[-1]
You lost 1 mp, and now have 5/6 mp.
No target in view!
Your transformation is almost over.
Found a stone staircase leading up.
MP[+1]
Your mp is fully restored (6).
Your tentacle spike disappears.
You now have 109 gold pieces (gained 14).
There is a stone staircase leading down here.
d - 2 sedimented emerald potions (gained 1)
A rat comes into view.
A rat is nearby!
One of your tentacles grows a vicious spike.
MP[-1]
You lost 1 mp, and now have 5/6 mp.
The rat bites you.
HP[-3]
You take 3 damage, and now have 20/23 hp.
You barely miss the rat. Your grab misses the rat.
Your tentacle spike misses the rat.
The rat closely misses you.
You barely miss the rat. You grab the rat. Your squeeze misses the rat.
You constrict the rat. The rat closely misses you.
You tentacle-slap the rat.
You kill the rat!
No target in view!
No target in view!
No target in view!
No target in view!
No target in view!
Your transformation is almost over.
Your tentacle spike disappears.
Sigmund the Dreaded comes into view.
He is wielding a +0 scythe.
HP[+3] MP[+1]
Your hp is fully restored (23).
Your mp is fully restored (6).
One of your tentacles grows a vicious spike.
MP[-1]
You lost 1 mp, and now have 5/6 mp.
Your transformation is almost over.
Sigmund shouts!
Sigmund gestures wildly while chanting.
Sigmund flickers and vanishes!
Deactivating autopickup; reactivate with Ctrl-A.
Found a stone staircase leading down.
You barely miss something. Something hits you!
HP[-9]
You take 9 damage, and now have 14/23 hp.
MASSIVE DAMAGE!! (PAUSE)
You barely miss something.
Your tentacle spike misses something.
Something hits you.
HP[-1]
You take 1 damage, and now have 13/23 hp.
You tentacle-slap something.
Your tentacle spike misses something.
Your squeeze misses something.
MP[+1]
Your mp is fully restored (6).
You barely miss something.
Your tentacle spike misses something.
Your squeeze misses something. Something hits you.
* * * LOW HITPOINT WARNING * * *
HP[-4]
You take 4 damage, and now have 9/23 hp.
You closely miss something.
You pierce something.
Your tentacle spike disappears.
You hear some strange, mumbled words.
Something tries to affect you, but you resist.
You feel more attuned to fire.
h - a ring of fire (left tentacle)
You tentacle-slap something but do no damage.
Your tentacle-slap misses something.
Something hits you!
Ouch! That really hurt!
You die...

Skill      XL: |  1  2 |
---------------+-------+-----
Stealth        | 1 |  1.6
Fighting       | |  1.5
Dodging        | |  2.4
Unarmed Combat | |  3.5
Spellcasting   | |  2.0
Transmutations | |  2.3

Action                   || total
-------------------------++-------
Melee: Unarmed           ||    60
       Constrict         ||    14
       Kick              ||    12
       Punch             ||     4
       Tentacles         ||    10
 Cast: Beastly Appendage ||    27
  Use: Potion            ||     2
 Stab: Sleeping          ||     3
Armor: Skin              ||     4
Dodge: Dodged            ||    30

Levels and vault maps discovered:
D:1:      lightli_iron_boxes, layout_basic
D:2:      layout_basic, serial_forest, infiniplex_forest_lined_3_way,
          infiniplex_forest_lined_room_, infiniplex_forest_clump_small,
          infiniplex_forest_clump_double, infiniplex_forest_straight_1,
          infiniplex_forest_lined_2, infiniplex_forest_clump_cross,
          infiniplex_forest_straight_1
D:3:      layout_basic, mainiacjoe_overflow_chevrons,
          ebering_ecumenical_altar_rust, wad_orctagon, uniq_sigmund,
          uniq_jessica, uniq_natasha

Notes
Turn   | Place    | Note
-------+----------+-------------------------------------------
     0 | D:1      | zeratav the Octopode Transmuter began the quest for the
                  | Orb.
     0 | D:1      | Reached XP level 1. HP: 13/13 MP: 3/3
     0 | D:1      | magus.rc [v1.9.6]
   201 | D:1      | You pick up a book of Lightning and begin reading...
   201 | D:1      | You add the spells Static Discharge, Lightning Bolt and
                  | Maxwell's Capacitive Coupling to your library.
   324 | D:1      | Reached XP level 2. HP: 18/18 MP: 3/5
   326 | D:1      | Reached skill level 1 in Stealth
  1023 | D:2      | HP: 3/18 [adder (4)]
  1025 | D:2      | Reached XP level 3. HP: 2/23 MP: 4/6
  2072 | D:3      | Noticed Sigmund
  2096 | D:3      | Slain by Sigmund

Vanquished Creatures
  An adder (D:2)
  2 ball pythons (D:2)
  4 endoplasms
  3 goblins
  4 hobgoblins
  4 kobolds
  A quokka (D:1)
  2 bats
  3 frilled lizards
  7 rats
31 creatures vanquished.

Table legend:
 A = Non-vault XP
 B = Vault XP
 C = Vault XP percentage of total XP
 D = Non-vault monster count
 E = Vault monster count
 F = Vault count percentage of total count
                 A         B        C        D         E       F
            +---------+---------+-------+---------+---------+-------
      Total |      60 |       0 |   0.0 |      31 |       0 |   0.0
            +---------+---------+-------+---------+---------+-------
        D:1 |      15 |       0 |   0.0 |      10 |       0 |   0.0
        D:2 |      42 |       0 |   0.0 |      18 |       0 |   0.0
        D:3 |       3 |       0 |   0.0 |       3 |       0 |   0.0
            +---------+---------+-------+---------+---------+-------

Illustrated notes

Table legend:
 A = Kills in this place as a percentage of kills in entire the game.
 B = Kills by you in this place as a percentage of kills by you in the entire game.
 C = Kills by friends in this place as a percentage of kills by friends in the entire game.
 D = Other kills in this place as a percentage of other kills in the entire game.
 E = Experience gained in this place as a percentage of experience gained in the entire game.
 F = Experience gained in this place divided by the number of levels of this place that you have seen.
                   A       B       C       D       E      F
               +-------+-------+-------+-------+-------+----------------------
         Total | 100.0 | 100.0 |   N/A |   N/A | 100.0 |  20.0
       Dungeon | 100.0 | 100.0 |   N/A |   N/A | 100.0 |  20.0
               +-------+-------+-------+-------+-------+----------------------

Table legend: (Time is in decaauts)
 A = Elapsed time spent in this place.
 B = Non-inter-level travel time spent in this place.
 C = Inter-level travel time spent in this place.
 D = Time resting spent in this place.
 E = Time spent auto-exploring this place.
 F = Levels seen in this place.
 G = Mean time per level.
                   A        B        C        D        E       F      G
               +--------+--------+--------+--------+--------+-----+--------+
         Total |   2091 |   2042 |     49 |      0 |   1800 |   3 |  697.0 |
       Dungeon |   2091 |   2042 |     49 |      0 |   1800 |   3 |  697.0 |
               +--------+--------+--------+--------+--------+-----+--------+

Top non-repeatable levels by time:
     D:1: 920 daAuts
     D:2: 911 daAuts
     D:3: 259 daAuts
